Map: Cerulean Fall LE

Players

Piroxiljin - Winner!

  • Race: Terran Terran
  • Spawn Location: 1:00

VOD

Have the link to the VOD?

Description

Time

  • Played on: Jan. 13, 2019, 3:11 a.m.
  • Length: 19:21
Show
View Real Time Build Order
Export as new Build Order

Piroxiljin Terran - Winner!

Build Orders:  

Get SALT Encoding   

  12  0:02  SCV  
  13  0:32  Supply Depot  
  13  0:33  SCV  
  14  0:48  Refinery  
  14  0:51  SCV  
  15  1:08  SCV  
  16  1:20  Barracks  
  16  1:33  SCV  
  17  1:46  Refinery  
  17  1:50  SCV  
  18  2:02  Barracks  
  18  2:08  SCV  
  20  2:31  Reaper  
  20  2:43  Supply Depot  
  20  2:44  SCV  
  21  3:01  SCV  
  23  3:13  Reaper  
  23  3:17  SCV  
  24  3:33  Factory  
  24  3:35  Orbital Command  
  24  4:05  Supply Depot  
  24  4:17  Marine x2  
  24  4:19  SCV  
  27  4:36  SCV  
  28  4:42  Factory Tech Lab  
  28  4:51  Factory  
  28  5:03  Command Center  
  28  5:33  Unknown  
  26  5:53  Marine  
  26  5:54  Marine  
  26  5:59  Cyclone  
  31  6:03  Factory Tech Lab  
  31  6:18  Supply Depot  
  31  6:19  Supply Depot  
  31  6:20  Supply Depot  
  31  6:22  Supply Depot  
  31  6:25  Supply Depot  
  31  6:26  SCV  
  32  6:43  SCV  
  32  6:45  Engineering Bay  
  32  6:49  Cyclone  
  36  6:53  Supply Depot  
  36  7:02  Marine x2  
  38  7:13  SCV  
  39  7:26  Refinery  
  39  7:28  SCV  
  39  7:29  SCV  
  40  7:34  Cyclone  
  44  7:45  SCV  
  44  7:49  Cyclone  
  48  7:59  Orbital Command  
  48  8:19  Cyclone  
  51  8:22  SCV  
  52  8:31  Barracks Tech Lab  
  52  8:32  Barracks Tech Lab  
  52  8:34  Cyclone  
  52  8:38  SCV  
  56  8:43  SCV  
  57  8:52  Terran Infantry Weapons Level 1  
  57  9:04  Cyclone  
  57  9:06  Marine x2  
  62  9:30  Marine  
  62  9:31  Marine  
  64  9:40  Barracks  
  64  9:44  SCV  
  65  9:55  Marauder  
  67  10:01  Supply Depot  
  67  10:05  Supply Depot  
  67  10:06  Supply Depot  
  67  10:25  Reaper  
  66  10:30  Reaper  
  61  10:45  SCV, Unknown  
  62  11:06  SCV  
  64  11:10  Reaper  
  64  11:15  Reaper  
  65  11:23  SCV  
  66  11:34  Cyclone  
  69  11:45  SCV  
  70  11:50  Marauder  
  70  11:53  Refinery  
  70  11:55  Marauder  
  74  12:00  Unknown  
  74  12:02  Terran Infantry Armor Level 1, SCV  
  72  12:17  Infernal Pre-Igniter  
  72  12:19  SCV  
  73  12:20  Marine  
  73  12:25  Marine  
  71  12:50  Marine  
  69  13:15  Marine  
  69  13:19  Unknown  
  58  13:37  SCV  
  59  13:54  SCV  
  58  14:10  Cyclone  
  58  14:11  SCV  
  61  14:21  Missile Turret  
  61  14:27  SCV  
  61  14:55  Cyclone  
  61  14:57  Unknown  
  63  15:40  Cyclone  
  66  16:04  SCV  
  66  16:09  Marauder  
  69  16:10  Marauder  
  69  16:13  Cyclone  
  74  16:21  SCV  
  74  16:25  Cyclone  
  74  16:27  Armory  
  76  16:38  SCV  
  76  16:39  Marauder, Hi-Sec Auto Tracking  
  101  16:40  Marauder  
  81  16:58  Cyclone  
  84  17:10  Cyclone  
  86  17:43  Cyclone  
  87  18:22  Marine  
  87  18:23  Marine x2  
  102  18:46  Supply Depot  
  102  18:48  Marauder x2, Supply Depot  
  106  18:50  Supply Depot x2  
  106  18:52  Supply Depot  
  106  19:10  Command Center  
Tags
 
Add a new tag
Caveats
  • Supply blocks, unpowered buildings, or Contaminate may cause inaccurate times.
  • Supply counts are checked every 10 seconds.